 Dungeon Crawl Stone Soup version 0.20.1-1-g8b1a95d (webtiles) character file.

29 Brabant the Skirmisher (level 3, 0/33 HPs)
             Began as a Minotaur Wanderer on Sept 1, 2017.
             Succumbed to an adder's poison
             ... on level 1 of the Dungeon.
             The game lasted 00:12:46 (889 turns).

Brabant the Skirmisher (Minotaur Wanderer)           Turns: 889, Time: 00:12:47

Health: 0/33       AC:  5    Str: 16    XL:     3   Next: 1%
Magic:  2/2        EV: 10    Int:  9    God:
Gold:   4          SH:  0    Dex: 10    Spells: 2/2 levels left

rFire    . . .     SeeInvis .   e - +0 mace
rCold    . . .     Gourm    +   (no shield)
rNeg     . . .     Faith    .   c - +0 ring mail
rPois    .         Spirit   .   (helmet restricted)
rElec    .         Reflect  .   (no cloak)
rCorr    .         Harm     .   (no gloves)
MR       .....                  (no boots)
Stlth    +.........             a - amulet of the gourmand
Regen    0.2/turn               (no ring)
MPRegen  0.1/turn               (no ring)

@: lethally poisoned (0 -> -15)
A: retaliatory headbutt, horns 2
a: no special abilities


You were on level 1 of the Dungeon.
You were not hungry.

You visited 1 branch of the dungeon, and saw 1 of its levels.

You collected 4 gold pieces.

Inventory:

Hand Weapons
 b - a +2 blowgun
 e - a +0 mace (weapon)
Missiles
 i - 23 stones (quivered)
Armour
 c - a +0 ring mail (worn)
 l - a +0 ring mail
Jewellery
 a - an amulet of the gourmand (around neck)
Scrolls
 o - a scroll of magic mapping {unknown}
Potions
 g - a potion of agility {unknown}
 k - a potion of curing {unknown}
 p - a potion of lignification {unknown}
Comestibles
 f - a bread ration
 n - a meat ration


   Skills:
 * Level 4.3 Fighting
 + Level 1.9 Throwing
 + Level 2.7 Armour
 + Level 0.2 Dodging
 + Level 1.0 Stealth
   Level 1.5 Transmutations
   Level 1.0 Poison Magic


You had 2 spell levels left.
You didn't know any spells.

Dungeon Overview and Level Annotations

Branches:
Dungeon (1/15)

Altars:


Innate Abilities, Weirdness & Mutations

You reflexively headbutt those who attack you in melee.
You have a pair of horns on your head.


Message History

You are more poisoned.
The adder poisons you!
You miss the adder.
The adder is severely wounded.
* * * LOW HITPOINT WARNING * * *
You feel sick. The adder closely misses you.
The adder bites you but does no damage.
You hit the adder.
You kill the adder!
You have reached level 3!
Your experience leads to an increase in your attributes!
Increase (S)trength, (I)ntelligence, or (D)exterity?
You feel stronger.
* * * LOW HITPOINT WARNING * * *
You feel sick.
* * * LOW HITPOINT WARNING * * *
You feel sick.
You see here an adder corpse.
You eat the royal jelly.
That royal jelly was delicious!
You die...

#.# #........# #..... #.#
#.....>..# #..... #.# #..).....#
#..... #.# #........# #..... #.#
##.......# #...≈≈ #.# ##.....##
###≈≈≈≈≈
#####.###########.##...###≈≈≈≈≈≈≈
..................####.##≈≈≈≈≈≈≈≈
....#.#######...@.# .##≈≈≈≈....
....#.# #.....# #≈≈≈#.....
....#.# #####.#### #≈≈##.....
....#.####### #....# #≈# #.....
............. .....# ## #.....
.)..#.####### ####.. ###.....
....#.# #.# #..###..
......########### #.# #......#
....#÷..........####.## #.######


There were no monsters in sight!

Vanquished Creatures
  An adder (D:1)
  A leopard gecko (D:1)
  4 bats (D:1)
  A hobgoblin (D:1)
  3 kobolds (D:1)
  3 ball pythons (D:1)
  A frilled lizard (D:1)
  2 goblins (D:1)
  4 rats (D:1)
  3 plants (D:1)
23 creatures vanquished.

Notes
Turn   | Place    | Note
-------+----------+-------------------------------------------
     0 | D:1      | Brabant the Minotaur Wanderer began the quest for the Orb.
     0 | D:1      | Brabant set off with: 4 curare-tipped needles, a +2 blowgun, a +0 ring mail, a scroll of teleportation, a bread ration
     0 | D:1      | Reached XP level 1. HP: 19/19 MP: 0/0
   290 | D:1      | Reached skill level 4 in Fighting
   291 | D:1      | Reached XP level 2. HP: 18/27 MP: 1/1
   887 | D:1      | Reached XP level 3. HP: 5/33 MP: 2/2
   888 | D:1      | HP: 1/33 [poisoned by an adder]
   889 | D:1      | Succumbed to an adder's poison

Skill      XL: |  1 |
---------------+----+-----
Fighting       | 4 |  4.3
Throwing       | |  1.9
Armour         | |  2.7
Dodging        | |  0.2
Stealth        | |  1.0
Transmutations | |  1.5
Poison Magic   | |  1.0

Action                   || total
-------------------------++-------
Melee: Mace              ||    96
       Headbutt          ||    28
 Fire: Blowgun           ||    22
Throw: Stone             ||    13
  Use: Scroll            ||     1
  Eat: Chunk             ||     1
       Royal jelly       ||     1
Armor: Ring mail         ||    34
Dodge: Dodged            ||    26
